 Dungeon Crawl Stone Soup version bcrawl-1.18.1 (webtiles) character file.

Game seed: 3522342703993591938

82 JackS81 the Ruffian (level 4, 0/38 HPs)
             Began as a Ghoul Reaver on Nov 9, 2019.
             Was a Follower of Vehumet.
             Slain by an orc wizard
             ... wielding a +0 dagger
              (1 damage)
             ... on level 3 of the Dungeon.
             The game lasted 00:08:07 (1603 turns).

JackS81 the Ruffian (Ghoul Reaver)                  Turns: 1603, Time: 00:08:08

Health: 0/38       AC:  6    Str: 14    XL:     4   Next: 43%
Magic:  0/5        EV: 12    Int:  9    God:    Vehumet [*.....]
Gold:   57         SH:  0    Dex:  8    Spells: 5/6 levels left

rFire    . . .     SeeInvis +     - Unarmed
rCold    + . .     Gourm    .   (no shield)
rNeg     + + +     Faith    .   a - +0 steam dragon scales
rPois    ∞         Spirit   .   o - +0 helmet
rElec    .         Reflect  .   (no cloak)
rCorr    .         Harm     .   (no gloves)
MR       .....                  (no boots)
Stlth    +.........             (no amulet)
HPRegen  0.00/turn              g - ring of see invisible
MPRegen  0.09/turn              (no ring)

@: rotting, slowed, very slow
A: rotting body, claws 1, carnivore, cold resistance 1, negative energy
resistance 3, inhibited regeneration, torment resistance, unbreathing
a: Renounce Religion


You were on level 3 of the Dungeon.
You worshipped Vehumet.
Vehumet was aware of your devotion.
You were not hungry.

You visited 1 branch of the dungeon, and saw 3 of its levels.

You collected 57 gold pieces.

Inventory:

Hand Weapons
 t - a cursed -3 dagger
 y - a +3 whip
Missiles
 j - 636 stones (quivered)
 r - 36 poisoned needles
 u - 142 bolts
Armour
 a - +0 steam dragon scales (worn)
 o - a +0 helmet (worn)
Jewellery
 g - a ring of see invisible (left claw)
 i - an uncursed ring of ice
Scrolls
 c - a scroll of immolation
 e - 7 scrolls of identify {unknown}
 h - 2 scrolls of remove curse {unknown}
 s - a scroll of teleportation {unknown}
 v - a scroll of enchant armour {unknown}
 w - a scroll of fear {unknown}
 x - a scroll of fog {unknown}
Potions
 b - a potion of haste
 k - a potion of curing {unknown}
 l - 2 potions of magic {unknown}
 m - a potion of berserk rage {unknown}
 n - a potion of agility {unknown}
 p - a potion of lignification {unknown}
 q - a potion of resistance {unknown}
Comestibles
 f - 6 rations {!d}


   Skills:
 - Level 3.2 Fighting
 - Level 3.0 Dodging
 * Level 5.4 Unarmed Combat
 - Level 1.7 Spellcasting


You had 5 spell levels left.
You knew the following spells:

 Your Spells              Type           Power        Failure   Level  Hunger
a - Sting                 Conj/Pois      #...         10%         1    ##.....

Your spell library contained the following spells:

 Spells                   Type           Power        Failure   Level  Hunger
 Iskenderun's Battlesphe  Conj/Chrm      #.......     90%         5    ######.


Dungeon Overview and Level Annotations

Branches:
Dungeon (3/12)

Altars:
Qazlal


Innate Abilities, Weirdness & Mutations

Your body is rotting away.
You thrive on raw meat.
You are immune to poison.
You have sharp fingernails.
You are carnivorous and can eat meat at any time.
Your flesh is cold resistant. (rC+)
You are immune to negative energy. (rN+++)
You do not regenerate when monsters are visible.
You are immune to unholy pain and torment.
You can survive without breathing.


Message History

Aiming: Sting (safe; 10% risk of failure)
Press: ? - help, Shift-Dir - straight line, f/p - orc wizard
Aim: an orc wizard, wielding a +0 dagger and wearing a +0 robe (fast)
The sting hits the orc wizard.
The orc wizard is poisoned.
The orc wizard is lightly wounded.
You barely miss the orc wizard.
The orc wizard is moderately wounded.
The orc wizard barely misses you.
You claw the orc wizard!
The orc wizard is almost dead.
The orc wizard points at you and mumbles some strange words.
You feel yourself slow down.
You barely miss the orc wizard.
The orc wizard is almost dead.
The orc wizard hits you with a +0 dagger.
* * * LOW HITPOINT WARNING * * *
The orc wizard gestures at you while chanting.
You resist with some effort.
The orc wizard hits you with a +0 dagger.
You die...

.. #.. #...
#=...
#...#####
#....<).#
#.....#)#
#.%...#.#
#.....#@#
#.....#o#
.......#..
#.#.....#.).
#.##.........
.##... . ....
.. .....


You could see an orc wizard.

Vanquished Creatures
  An orc wizard (D:3)
  2 worms (D:2)
  A dart slug (D:1)
  2 leopard geckos (D:2)
  5 orcs
  A goblin (D:2)
  10 hobgoblins
  2 kobolds (D:2)
  A quokka (D:2)
  A ball python (D:2)
  5 bats
  3 frilled lizards
  4 rats
38 creatures vanquished.

Notes
Turn   | Place    | Note
-------+----------+-------------------------------------------
     0 | D:1      | JackS81 the Ghoul Reaver began the quest for the Orb.
     0 | D:1      | Reached XP level 1. HP: 19/19 MP: 2/2
   156 | D:1      | Reached XP level 2. HP: 22/26 MP: 3/3
   642 | D:2      | Reached skill level 4 in Unarmed Combat
   799 | D:2      | Reached XP level 3. HP: 25/31 MP: 4/4
   936 | D:2      | Found a faded altar of an unknown god.
   948 | D:2      | Reached * piety under Vehumet
   948 | D:2      | Offered knowledge of Sting by Vehumet.
   954 | D:2      | Learned a level 1 spell: Sting
  1059 | D:2      | Found a stormy altar of Qazlal.
  1579 | D:3      | Reached skill level 5 in Unarmed Combat
  1579 | D:3      | Reached XP level 4. HP: 23/38 MP: 2/5
  1603 | D:3      | HP: 1/38 [orc wizard/+0 dagger (2)]
  1603 | D:3      | Slain by an orc wizard

Skill      XL: |  1  2  3 |
---------------+----------+-----
Unarmed Combat | 4 5 |  5.4
Dodging        | 3 |  3.0
Fighting       | |  3.2
Spellcasting   | |  1.7

Action                   |  1- 3 |  4- 6 || total
-------------------------+-------+-------++-------
Melee: Unarmed           |   119 |     5 ||   124
       Punch             |     1 |       ||     1
Throw: Stone             |     1 |       ||     1
 Cast: Sting             |     3 |     4 ||     7
  Eat: Chunk             |     9 |     1 ||    10
       Ration            |       |     1 ||     1
Armor: Steam dragon scal |    35 |     1 ||    36
Dodge: Dodged            |    76 |     4 ||    80
